 Dungeon Crawl Stone Soup version 0.30-a0-313-gae38170b09 (webtiles) character file.

Game seed: 9101744142888385933

13510 Elric the Basher (level 11, -5/84 (86) HPs)
             Began as a Demonspawn Gladiator on Oct 26, 2022.
             Was a Priest of Trog.
             Slain by an efreet
             ... wielding a +2 scimitar of flaming
              (6 damage)
             ... in a volcano.
             The game lasted 00:31:31 (9781 turns).

Elric the Basher (Demonspawn Gladiator)             Turns: 9781, Time: 00:31:32

HP:   -5/84 (86)    AC: 14    Str: 18    XL:     11   Next: 76%
MP:   0/11          EV: 14    Int: 11    God:    Trog [***...]
Gold: 581           SH:  0    Dex: 16    Spells: 10/10 levels left

rFire   . . .      SeeInvis .    F - +3 dire flail (vorpal)
rCold   . . .      Faith    .    (shield currently unavailable)
rNeg    . . .      Spirit   +    g - +3 chain mail {rPois}
rPois   +          Reflect  .    c - +0 helmet
rElec   .          Harm     .    (no cloak)
rCorr   .          Rampage  .    (no gloves)
Will    ++...                    (no boots)
Stlth   ..........               n - amulet of regeneration
HPRegen 2.14/turn                w - +4 ring of slaying
MPRegen 0.24/turn                C - +4 ring of evasion

@: strong-willed, mesmerised, regenerating, studying Staves, lightly drained
A: hooves 1, powered by death 2, magic shield, magic regeneration, big brain 1
a: Renounce Religion, Berserk, Trog's Hand


You were in a volcano.
You worshipped Trog.
Trog was most pleased with you.
You visited 3 branches of the dungeon, and saw 13 of its levels.
You also visited: Volcano.

You collected 581 gold pieces.

Inventory:

Hand Weapons
 a - a +0 flail
 l - a +2 short sword of draining
 r - a +0 dagger of electrocution
 F - a +3 vorpal dire flail (weapon)
Missiles
 e - 7 javelins (quivered)
Armour
 b - a +0 leather armour
 c - a +0 helmet (worn)
 g - a +3 chain mail of poison resistance (worn)
Magical Staves
 j - a staff of conjuration
Jewellery
 n - an amulet of regeneration (around neck)
 u - a ring of ice
 v - a ring of resist corrosion
 w - a +4 ring of slaying (left hand)
 C - a +4 ring of evasion (right hand)
 H - a ring of protection from cold
Wands
 p - a wand of mindburst (10)
 J - a wand of flame (25)
 M - a wand of polymorph (7)
Scrolls
 f - 2 scrolls of magic mapping
 m - 4 scrolls of noise
 t - a scroll of blinking
 x - 12 scrolls of teleportation
 y - 4 scrolls of fog {unknown}
 B - a scroll of torment {unknown}
 G - 2 scrolls of poison {unknown}
 I - a scroll of amnesia {unknown}
 K - a scroll of silence {unknown}
 L - 5 scrolls of identify
 O - a scroll of enchant armour
 P - 2 scrolls of immolation {unknown}
Potions
 d - a potion of resistance
 h - 3 potions of magic
 i - 2 potions of berserk rage
 k - 2 potions of heal wounds
 o - 2 potions of degeneration {unknown}
 q - 2 potions of flight
 s - 2 potions of haste
 z - 2 potions of curing {unknown}
 A - a potion of mutation
 D - 2 potions of might {unknown}
 E - 2 potions of cancellation {unknown}
 N - 4 potions of attraction {unknown}
 Q - a potion of ambrosia {unknown}


   Skills:
 + Level 8.1 Fighting
 * Level 12.7 Maces & Flails
 - Level 2.1 Throwing
 + Level 6.9 Armour
 + Level 7.7 Dodging


You had 10 spell levels left.
You didn't know any spells.
Your spell library was empty.

Dungeon Overview and Level Annotations

Branches:
Dungeon (11/15)            Temple (1/1) D:4            Lair (1/5) D:10
    Orc (0/2) D:10        Volcano (1/1)

Altars:
Ashenzari
Cheibriados
Dithmenos
Fedhas
Gozag
Hepliaklqana
Kikubaaqudgha
Makhleb
Nemelex Xobeh
Okawaru
Qazlal
Ru
Sif Muna
Trog
Uskayaw
Vehumet
Wu Jian
Xom
Yredelemnul

Shops:
D:4 ?   D:8 **   D:9 [

Annotations:
D:9 4 transporters Volcano exclusion: obsidian statue


Innate Abilities, Weirdness & Mutations

You have large cloven feet.
You regenerate health from kills.
When hurt, damage is shared between your health and your magic reserves.
You regenerate magic rapidly.
You have an unusually large brain. (Int +2)


Message History

An efreet comes into view.
It is wielding a +2 scimitar of flaming.
Your polar bear is engulfed in blazing flames.
You cannot move away from the obsidian statue!
You cannot move away from the obsidian statue!
You closely miss the soul eater.
You kick the soul eater, but do no damage.
The soul eater hits you but does no damage.
You hear a shout!
Unknown command.
You barely miss the soul eater.
The efreet hits you with a +2 scimitar of flaming!
The efreet burns you.
The obsidian statue's eyes glow briefly.
The obsidian statue draws you further into its thrall.
The soul eater closely misses you.
You hit the soul eater. Your kick misses the soul eater.
The soul eater is lightly wounded.
The obsidian statue's eyes glow briefly.
The efreet hits you with a +2 scimitar of flaming!
The efreet burns you.
You closely miss the soul eater.
You kick the soul eater, but do no damage.
The soul eater is lightly wounded.
The soul eater hits you!!
* * * LOW HITPOINT WARNING * * *
You completely miss the efreet. You kick the efreet, but do no damage.
The efreet completely misses you.
The obsidian statue slips into the dungeon's darkness for a moment.
The soul eater hits you!
* * * LOW HITPOINT WARNING * * *
You feel drained.
* * * LOW HITPOINT WARNING * * *
The ynoxinul gestures.
Your skin crawls.
You feel strong-willed.
You can no longer call in reinforcements.
The efreet hits you with a +2 scimitar of flaming!
* * * LOW HITPOINT WARNING * * *
The efreet burns you.
You die...

###########
#≈#≈#☼#≈#≈#
#≈#≈#☼#≈#≈#
###≈#≈#≈#≈#≈#
#8#.........##
#..#≈#≈#≈#≈#h#
#.##≈#≈#≈#≈#@#
#.##≈#≈#≈#≈#3R555#
#..##########835##
##........# ####
########'# ##..#
#.# ##...## ##.##
##.....###8.8#
##...≈§§§##...#


You could see an obsidian statue (mesmerising), a soul eater (summoned, ally
target), an efreet, a ynoxinul (summoned), a white imp (summoned), a shadow imp
(summoned), 2 ufetubi and a friendly polar bear (summoned, berserk).

Vanquished Creatures
  2 centaur warriors (D:11)
  2 two-headed ogres
  Pikel (D:7)
  An ugly thing (D:11)
  2 cyclopes (D:11)
  2 gargoyles
  Psyche (D:8)
  An unseen horror (D:10)
  3 kobold demonologists (D:11)
  A komodo dragon (Lair:1)
  5 fire bats (Volcano)
  9 yaks
  4 wyverns (D:10)
  A wraith (D:9)
  A steam dragon (D:6)
  Edmund (D:4)
  2 water moccasins (D:10)
  2 hell hounds (Lair:1)
  6 ice beasts
  2 black bears (D:10)
  A sky beast (D:6)
  2 wolves (D:10)
  A phantom (D:6)
  Blork the orc (D:6)
  6 bullfrogs
  6 kobold brigands
  2 gnoll sergeants (D:8)
  5 wights (D:8)
  4 killer bees (D:9)
  5 howler monkeys
  3 crimson imps (D:10)
  2 jellies
  7 lava snakes (Volcano)
  5 orc priests
  A hound (D:6)
  3 gnoll boudas
  5 iguanas
  9 orc wizards
  21 gnolls
  9 adders
  2 shadow imps
  A white imp (D:6)
  2 ufetubi
  A worm (D:2)
  2 dart slugs
  39 orcs
  11 ball pythons
  7 endoplasms
  A giant cockroach (D:1)
  5 goblins
  12 hobgoblins
  5 quokkas
  8 bats
  5 frilled lizards
  21 kobolds
  11 rats
280 creatures vanquished.

Vanquished Creatures (others)
  An orc wizard (D:11)
  4 fungi (D:10)
  18 plants
23 creatures vanquished.

Grand Total: 303 creatures vanquished

Notes
Turn   | Place    | Note
-------+----------+-------------------------------------------
     0 | D:1      | Elric the Demonspawn Gladiator began the quest for the Orb.
     0 | D:1      | Reached XP level 1. HP: 16/16 MP: 1/1
   116 | D:1      | Gained mutation: You have large cloven feet. [demonic
                  | ancestry]
   116 | D:1      | Reached XP level 2. HP: 22/22 MP: 2/2
   422 | D:1      | Reached skill level 3 in Maces & Flails
   702 | D:1      | Gained mutation: You regenerate magic rapidly. [demonic
                  | ancestry]
   702 | D:1      | Reached XP level 3. HP: 27/27 MP: 3/3
  1171 | D:2      | Reached skill level 4 in Maces & Flails
  1188 | D:2      | Reached XP level 4. HP: 33/33 MP: 4/4
  1913 | D:3      | Reached XP level 5. HP: 38/38 MP: 5/5
  2004 | D:3      | Found a burning altar of Makhleb.
  2121 | D:4      | Found Uguf's Magic Scroll Boutique.
  2154 | D:4      | Reached skill level 5 in Maces & Flails
  2393 | D:4      | Found a staircase to the Ecumenical Temple.
  2406 | Temple   | Entered the Ecumenical Temple
  2406 | Temple   | Noticed a chaos spawn
  2406 | Temple   | Noticed an ice devil
  2407 | Temple   | Noticed a hell beast
  2407 | Temple   | Noticed Xasihecwiso the pandemonium lord
  2407 | Temple   | Noticed Irghor the pandemonium lord
  2408 | Temple   | Noticed Ywneg the pandemonium lord
  2456 | Temple   | Noticed Xokiap the pandemonium lord
  2457 | Temple   | Noticed a rust devil
  2494 | Temple   | Noticed a rust devil
  2495 | Temple   | Noticed Gicyxouj the pandemonium lord
  2496 | Temple   | Noticed a soul eater
  2506 | Temple   | Noticed a Brimstone Fiend
  2506 | Temple   | Noticed a balrug
  2506 | Temple   | Noticed Haom the pandemonium lord
  2508 | Temple   | Noticed a hellwing
  2611 | Temple   | Became a worshipper of Trog the Wrathful
  2689 | D:5      | Entered Level 5 of the Dungeon
  2817 | D:5      | Reached XP level 6. HP: 44/44 MP: 6/6
  2843 | D:5      | Reached skill level 6 in Maces & Flails
  3178 | D:4      | Noticed Edmund
  3203 | D:4      | Killed Edmund
  3939 | D:6      | Noticed Blork the orc
  3952 | D:6      | Reached skill level 7 in Maces & Flails
  3952 | D:6      | Gained mutation: When hurt, damage is shared between your
                  | health and your magic reserves. [demonic ancestry]
  3952 | D:6      | Reached XP level 7. HP: 9/50 MP: 7/7
  3963 | D:6      | Killed Blork the orc
  4233 | D:6      | Reached skill level 8 in Maces & Flails
  4438 | D:6      | Reached * piety under Trog
  4581 | D:6      | Found a hide-covered altar of Uskayaw.
  4701 | D:6      | Noticed a steam dragon
  4712 | D:6      | Killed a steam dragon
  4713 | D:6      | Reached skill level 1 in Armour
  4713 | D:6      | Gained mutation: You regenerate a little health from kills.
                  | [demonic ancestry]
  4713 | D:6      | Reached XP level 8. HP: 53/57 MP: 5/8
  4834 | D:6      | Found a broken altar of Ashenzari.
  4839 | D:6      | Found a sacrificial altar of Ru.
  4850 | D:6      | Found a basalt altar of Yredelemnul.
  4857 | D:6      | Found an ornate altar of the Wu Jian Council.
  4872 | D:6      | Found a radiant altar of Vehumet.
  4879 | D:6      | Found an iron altar of Okawaru.
  5086 | D:7      | Noticed Pikel
  5098 | D:7      | Killed Pikel
  5099 | D:7      | Reached skill level 9 in Maces & Flails
  5478 | D:7      | Gained mutation: You regenerate health from kills. [demonic
                  | ancestry]
  5478 | D:7      | Reached XP level 9. HP: 65/65 MP: 9/9
  5571 | D:7      | Reached ** piety under Trog
  5811 | D:8      | Noticed Psyche
  5852 | D:8      | Killed Psyche
  6187 | D:8      | Found Kaecke Bawe's General Store.
  6189 | D:8      | Found Zixohocwi's Specific Store.
  6366 | D:8      | Reached skill level 5 in Dodging
  6594 | D:9      | Reached skill level 10 in Maces & Flails
  6595 | D:9      | Reached skill level 5 in Fighting
  6686 | D:9      | You fall into a shaft and drop 2 floors!
  6698 | D:11     | Noticed a brown ugly thing
  6698 | D:11     | Noticed a centaur warrior
  6752 | D:11     | Noticed a two-headed ogre
  6758 | D:11     | Killed a two-headed ogre
  6769 | D:11     | Noticed a kobold demonologist
  6780 | D:11     | Noticed an orange demon
  6782 | D:11     | Noticed a hellwing
  6783 | D:11     | Killed a kobold demonologist
  6784 | D:11     | Gained mutation: You have an unusually large brain. (Int
                  | +2) [demonic ancestry]
  6784 | D:11     | Reached XP level 10. HP: 65/75 MP: 7/10
  6815 | D:11     | Reached *** piety under Trog
  6860 | D:11     | Noticed a cyclops
  6875 | D:11     | Killed a cyclops
  7183 | D:11     | Killed a centaur warrior
  7184 | D:11     | Reached skill level 11 in Maces & Flails
  7184 | D:11     | Reached skill level 5 in Armour
  7214 | D:11     | Killed a brown ugly thing
  7295 | D:11     | Noticed a cyclops
  7302 | D:11     | Noticed a death knight
  7308 | D:11     | Killed a cyclops
  7588 | D:11     | Noticed a centaur warrior
  7598 | D:11     | Killed a centaur warrior
  7876 | D:10     | Entered Level 10 of the Dungeon
  7891 | D:10     | Noticed a gargoyle
  7893 | D:10     | Killed a gargoyle
  7894 | D:10     | Reached XP level 11. HP: 84/84 MP: 11/11
  7945 | D:10     | Reached skill level 12 in Maces & Flails
  7956 | D:10     | Found a staircase to the Lair.
  8114 | D:10     | Noticed a two-headed ogre
  8118 | D:10     | Killed a two-headed ogre
  8259 | D:10     | Found a staircase to the Orcish Mines.
  8354 | D:10     | Found a shimmering altar of Xom.
  8361 | D:10     | Reached **** piety under Trog
  8746 | D:9      | Found a transporter.
  8749 | D:9      | Found a transporter.
  8767 | D:9      | Found a transporter.
  8980 | D:9      | Found a transporter.
  9047 | D:9      | Found Gurroira's Armour Shoppe.
  9465 | Lair:1   | Entered Level 1 of the Lair of Beasts
  9512 | Lair:1   | Found a dark tunnel.
  9550 | Volcano  | Entered a volcano
  9769 | Volcano  | Noticed an obsidian statue
  9772 | Volcano  | Noticed a soul eater
  9772 | Volcano  | Noticed a soul eater
  9781 | Volcano  | HP: 1/84 [efreet/+2 scimitar of flaming (14)]
  9781 | Volcano  | Slain by an efreet

Illustrated notes

Levels and vault maps discovered:
D:1:      lemuel_arrival_muddy, layout_basic
D:2:      layout_loops_ring, minmay_unequal
D:3:      layout_basic, lightli_temple_of_fire
D:4:      layout_gridville, minmay_temple_entry_statues_pillars,
          serial_bayou_lagoon_a, minmay_misc_feat_hallway,
          nicolae_stop_n_shop_2, guppyfry_early_lair_pool, uniq_edmund
D:5:      layout_rooms, portal_sewer_entry_d
D:6:      layout_basic, grunt_temple_overflow_octagram, kennysheep_little_box,
          minmay_crossroads, uniq_blork_the_orc
D:7:      layout_basic, uniq_pikel
D:8:      layout_loops_ring, nicolae_specific_store, uniq_psyche
D:9:      layout_rooms, serial_shops, shop, chequers_serial_rivers_micro_a,
          nicolae_transporter_circle
D:10:     layout_roguey, led_xom_imps, minmay_lair_entry_grove,
          minmay_orc_entry_temple_small, nicolae_concentric_dashed_squares_mild,
          minmay_between
D:11:     minmay_ice_pillars, layout_gridville, minmay_mirror_moons_of_madness
Temple:   nicolae_temple_panitentiary
Lair:1:   layout_chaotic_city, maelrawn_ghost_gauntlet_escape, enter_volcano_3,
          minmay_shattered_shrine, serial_bayou_shore_a
Volcano:  volcano_grotto [vgs_trial_by_fire]

Skill      XL: |  1  2  3  4  5  6  7  8  9 10 11 |
---------------+----------------------------------+-----
Throwing       | 2 |  2.1
Maces & Flails | 3 4 5 7 8 9 10 11 12 | 12.7
Dodging        | 3 4 5 6 7 |  7.7
Armour         | 1 2 4 5 6 |  6.9
Fighting       | 4 5 7 8 |  8.1

Action                   |  1- 3 |  4- 6 |  7- 9 | 10-12 || total
-------------------------+-------+-------+-------+-------++-------
Melee: Flail             |   112 |   103 |       |       ||   215
       Kick              |    16 |    47 |    45 |    94 ||   202
       Dire flail        |       |    72 |   238 |   317 ||   627
Throw: Throwing net      |       |     3 |       |       ||     3
       Javelin           |       |     1 |       |       ||     1
Invok: Berserk           |       |       |     2 |     3 ||     5
       Trog's Hand       |       |       |     1 |     1 ||     2
       Brothers in Arms  |       |       |       |     1 ||     1
  Use: Potion            |       |     1 |     2 |       ||     3
       Scroll            |       |       |    14 |       ||    14
 Stab: Held in net/web   |       |     1 |       |       ||     1
Armor: Chain mail        |    83 |   100 |   105 |   132 ||   420
       Leather armour    |     2 |       |       |       ||     2
       Skin              |       |       |     3 |       ||     3
Dodge: Dodged            |    52 |    61 |   112 |   188 ||   413

Table legend: (Time is in decaauts)
 A = Elapsed time spent in this place.
 B = Non-inter-level travel time spent in this place.
 C = Inter-level travel time spent in this place.
 D = Time resting spent in this place.
 E = Time spent auto-exploring this place.
 F = Levels seen in this place.
 G = Mean time per level.
                   A        B        C        D        E       F      G
               +--------+--------+--------+--------+--------+-----+--------+
         Total |   9807 |   8854 |    953 |    733 |   6280 |  14 |  700.5 |
       Dungeon |   9286 |   8368 |    918 |    703 |   6087 |  11 |  844.2 |
        Temple |    220 |    198 |     22 |      0 |     42 |   1 |  220.0 |
          Lair |     77 |     64 |     13 |      0 |     36 |   1 |   77.0 |
       Volcano |    222 |    222 |      0 |     29 |    115 |   1 |  222.0 |
               +--------+--------+--------+--------+--------+-----+--------+

Top non-repeatable levels by time:
    D:11: 1213 daAuts
     D:1: 1096 daAuts
     D:8: 977 daAuts
     D:4: 933 daAuts
     D:6: 903 daAuts
     D:5: 850 daAuts
    D:10: 773 daAuts
     D:7: 736 daAuts
     D:2: 693 daAuts
     D:3: 594 daAuts
     D:9: 514 daAuts
 Volcano: 222 daAuts
  Temple: 220 daAuts
  Lair:1: 77 daAuts
